 Dungeon Crawl Stone Soup version 0.29.1-4-g47bece8355 (webtiles) character file.

Game seed: 3975858072679809047

445 mester the Cutter (level 6, -4/32 HPs)
             Began as a Spriggan Cinder Acolyte on Dec 1, 2022.
             Was an Initiate of Ignis.
             Slain by Duvessa
             ... wielding a +0 short sword
              (6 damage)
             ... on level 4 of the Dungeon.
             The game lasted 00:39:26 (6575 turns).

mester the Cutter (Spriggan Cinder Acolyte)         Turns: 6575, Time: 00:39:26

Health: -4/32      AC:  2    Str: 10    XL:     6   Next: 72%
Magic:  1/13       EV: 16    Int: 17    God:    Ignis [......]
Gold:   229        SH:  0    Dex: 11    Spells: 1/14 levels left

rFire   + + .      SeeInvis +   C - +4 dagger of Traps {venom, rF+}
rCold   . . .      Faith    .   (no shield)
rNeg    . . .      Spirit   .   b - +0 robe
rPois   .          Reflect  .   (helmet restricted)
rElec   .          Harm     .   (no cloak)
rCorr   .          Rampage  .   (gloves unavailable)
Will    +....                   (boots unavailable)
Stlth   ++........              (no amulet)
HPRegen 0.10/turn               (no ring)
MPRegen 0.13/turn               (no ring)

@: very slightly contaminated, hasted, very quick
A: very small, no large weapons, unfitting armour, see invisible, speed 3
a: Renounce Religion, Rising Flame


You were on level 4 of the Dungeon.
You worshipped Ignis.
Ignis was noncommittal.
You visited 1 branch of the dungeon, and saw 5 of its levels.

You collected 229 gold pieces.

Inventory:

Hand Weapons
 a - a -1 short sword of flaming
 c - a +0 dagger
 f - a +0 dagger
 h - a +0 dagger
 k - a +0 mace
 l - a +0 club
 p - a +0 short sword
 r - a +0 club
 t - a +0 dagger
 v - a +0 dagger
 C - the +4 dagger of Traps (weapon) {venom, rF+}
   (You found it on level 2 of the Dungeon)

   It poisons the flesh of those it strikes.
   rF:        It protects you from fire.
Missiles
 d - 55 stones (quivered)
 i - 29 poisoned darts
Armour
 b - a +0 robe (worn)
 q - a +2 helmet
 u - a +0 robe
Jewellery
 y - a ring of flight
 B - a ring of poison resistance
 N - a ring of protection from fire
Wands
 z - a wand of polymorph (7)
 O - a wand of iceblast (9)
 P - a wand of light (5)
Scrolls
 g - 2 scrolls of amnesia
 m - 2 scrolls of brand weapon {unknown}
 n - 2 scrolls of enchant armour {unknown}
 o - a scroll of blinking {unknown}
 s - 2 scrolls of noise {unknown}
 w - a scroll of summoning {unknown}
 x - a scroll of enchant weapon {unknown}
 D - a scroll of fear {unknown}
 H - 2 scrolls of acquirement {unknown}
 I - a scroll of teleportation {unknown}
 M - 3 scrolls of identify
 Q - a scroll of magic mapping {unknown}
Potions
 e - a potion of brilliance {unknown}
 j - 3 potions of lignification
 A - 5 potions of mutation
 E - 2 potions of curing {unknown}
 F - 2 potions of degeneration {unknown}
 J - a potion of heal wounds {unknown}
 K - a potion of flight {unknown}
 L - a potion of cancellation {unknown}


   Skills:
 + Level 3.0 Fighting
 + Level 4.5 Short Blades
 + Level 2.4 Dodging
 + Level 2.2 Stealth
 * Level 4.5 Spellcasting
 + Level 1.6 Conjurations
 + Level 0.2 Hexes
 + Level 3.3 Fire Magic


You had one spell level left.
You knew the following spells:

 Your Spells              Type           Power      Damage    Failure   Level
a - Scorch                Fire           30%        2d6       6%          2
b - Foxfire               Conj/Fire      48%        2x1d6     5%          1
c - Flame Wave            Conj/Fire      12%        2d6       47%         4
d - Inner Flame           Hex/Fire       9%         N/A       22%         3
e - Conjure Flame         Conj/Fire      12%        6-21      16%         3

Your spell library contained the following spells:

 Spells                   Type           Power      Damage    Failure   Level
 Gell's Gravitas          Tloc           3%         N/A       41%         3
 Lesser Beckoning         Tloc           3%         N/A       41%         3
 Teleport Other           Tloc           3%         N/A       41%         3


Dungeon Overview and Level Annotations

Branches:
Dungeon (5/15)
 Temple: D:4-7

Altars:
Elyvilon
Kikubaaqudgha

Shops:
D:3 (

Annotations:
D:4 Dowan, Duvessa


Innate Abilities, Weirdness & Mutations

You are very small and have problems with some larger weapons.
You are too small for most types of armour.
You have supernaturally acute eyesight. (SInv)
You cover ground extremely quickly. (Speed+++)


Message History

Duvessa is moderately wounded.
You hit Duvessa.
Duvessa looks as sick as possible!
Duvessa is heavily wounded.
The foxfire hits Duvessa but does no damage.
Duvessa is heavily wounded.
Dowan points at Duvessa and mumbles some strange words.
Duvessa seems to speed up.
Casting: Foxfire (safe; 5% risk of failure)
Confirm with . or Enter, or press ? or * to list all spells.
You conjure some foxfire!
Duvessa closely misses you.
You hit Duvessa but do no damage.
Duvessa looks as sick as possible!
Duvessa is heavily wounded.
The foxfire hits Duvessa but does no damage.
Duvessa is heavily wounded.
The foxfire hits Duvessa but does no damage.
Duvessa is heavily wounded.
Duvessa hits you with a +0 short sword!
You feel yourself speed up. Duvessa hits you with a +0 short sword!
* * * LOW HITPOINT WARNING * * *
Dowan casts a spell.
Dowan blinks!
Duvessa closely misses you.
Casting: Foxfire (safe; 5% risk of failure)
Confirm with . or Enter, or press ? or * to list all spells.
You conjure some foxfire!
Dowan casts a spell at you. The puff of frost hits you.
* * * LOW HITPOINT WARNING * * *
Duvessa misses you.
You can't go down here!
The foxfire hits Duvessa but does no damage.
Duvessa is heavily wounded.
The foxfire hits Duvessa but does no damage.
Duvessa is heavily wounded.
Duvessa completely misses you. Dowan closely misses you.
You climb upwards.
There is a stone staircase leading down here.
Casting: Foxfire (safe; 5% risk of failure)
Confirm with . or Enter, or press ? or * to list all spells.
You conjure some foxfire!
Duvessa hits you with a +0 short sword.
You die...

###~~~~≈≈≈≈≈≈~~~~
####~~~~~~~~...
###.........
########....#....
#######........###..##.
#.........########.....
#.........######....###
#....ev................
#....e@...#####.....##.
#....v....# ########.
########### #. #. #. ##


You could see Duvessa (fast, extremely poisoned, ally target) and Dowan (ally
target).

Vanquished Creatures
  2 kobold brigands
  A scorpion (D:4)
  A jelly (D:4)
  A hound (D:5)
  3 gnolls (D:3)
  7 adders
  An ufetubus (D:4)
  A worm (D:2)
  2 dart slugs (D:3)
  3 orcs
  8 ball pythons
  10 bats
  9 endoplasms
  3 giant cockroaches
  11 goblins
  4 hobgoblins
  2 jackals (D:1)
  5 quokkas
  12 kobolds
  6 rats
92 creatures vanquished.

Vanquished Creatures (others)
  241 foxfires
  A plant (D:3)
242 creatures vanquished.

Grand Total: 334 creatures vanquished

Notes
Turn   | Place    | Note
-------+----------+-------------------------------------------
     0 | D:1      | mester the Spriggan Cinder Acolyte began the quest for the
                  | Orb.
     0 | D:1      | Reached XP level 1. HP: 11/11 MP: 3/3
   280 | D:1      | Reached XP level 2. HP: 16/16 MP: 5/5
   309 | D:1      | Found a faded altar of an unknown god.
   904 | D:1      | Learned a level 2 spell: Scorch
   906 | D:1      | Learned a level 1 spell: Foxfire
  1477 | D:2      | Reached XP level 3. HP: 14/19 MP: 2/6
  3058 | D:2      | Identified the +4 dagger of Traps {venom, rF+}
  3196 | D:2      | Reached XP level 4. HP: 19/23 MP: 8/8
  3838 | D:3      | Reached skill level 1 in Dodging
  4207 | D:3      | Reached XP level 5. HP: 28/28 MP: 10/10
  4212 | D:3      | Learned a level 4 spell: Flame Wave
  4216 | D:3      | Learned a level 3 spell: Inner Flame
  4293 | D:3      | Reached skill level 1 in Stealth
  4360 | D:3      | Found Hozosch's Weapon Shop.
  4727 | D:3      | Found an ancient bone altar of Kikubaaqudgha.
  4727 | D:3      | Found a white marble altar of Elyvilon.
  5006 | D:4      | Reached skill level 1 in Conjurations
  5175 | D:4      | Reached XP level 6. HP: 8/32 MP: 5/12
  6095 | D:4      | Upgraded the game from 0.29.1-2-gbd0b4ee654 to
                  | 0.29.1-4-g47bece8355
  6112 | D:5      | Entered Level 5 of the Dungeon
  6148 | D:5      | Learned a level 3 spell: Conjure Flame
  6556 | D:5      | Noticed Duvessa
  6557 | D:5      | Noticed Dowan
  6575 | D:4      | Slain by Duvessa

Illustrated notes

Levels and vault maps discovered:
D:1:      dpeg_arrival_lava_altar, layout_rooms, ebering_ecumenical_altar_hall
D:2:      minmay_recursive_quarters, layout_basic, minmay_tetromino_l4
D:3:      layout_basic, gammafunk_temple_overflow_elements, serial_shops,
          nicolae_shop_bloodbath_and_beyond, serial_curves, eino_curves_04,
          eino_curves_01, corexii_shack
D:4:      wander_river, layout_rooms, nicolae_underground_beach
D:5:      layout_cave_pods, temple_fountains, serial_shops, kennysheep_mini,
          uniq_edmund, uniq_duvessa

Skill      XL: |  1  2  3  4  5  6 |
---------------+-------------------+-----
Short Blades   | 4 |  4.5
Spellcasting   | 2 3 4 |  4.5
Dodging        | 1 2 |  2.4
Stealth        | 1 2 |  2.2
Fire Magic     | 3 |  3.3
Conjurations   | 1 |  1.6
Fighting       | 3 |  3.0
Hexes          | |  0.2

Action                   |  1- 3 |  4- 6 || total
-------------------------+-------+-------++-------
Melee: Short sword       |    48 |       ||    48
       Dagger            |     9 |    82 ||    91
       Punch             |       |     1 ||     1
 Cast: Foxfire           |    45 |    63 ||   108
       Inner Flame       |       |     2 ||     2
       Conjure Flame     |       |     2 ||     2
Invok: Foxfire Swarm     |     8 |       ||     8
  Use: Scroll            |       |     3 ||     3
       Potion            |       |     3 ||     3
Armor: Robe              |     6 |     8 ||    14
Dodge: Dodged            |    51 |    90 ||   141
